AoeStats
← Taha Bey

Arabia

508885805Analyzed
4v4 RM · 9d ago on Sep 24, 2026· 57m 7s· 8 players
Game mode
Random Map
Map size
Large (8 player)
Population
200
Speed
Normal
Resources
Standard
Victory
Conquest
Starting age
Dark Age
Ending age
Imperial Age
RankedLock teamsTeams togetherTeam positionsShared explorationLock speedFull tech treeHidden civsTurbo modeCheats
Victory
Defeat
🇺🇸 Cumans · United States
711
+12
🇷🇸 Huns · Serbia
662
+14
🇵🇱 Huns · Poland
661
+14
🇪🇸 Spanish · Spain
657
+14
🇺🇸 Celts · United States
701
-16
602
-13
🇮🇳 Koreans · India
594
-13
🇹🇷 Cumans · Türkiye
580
-12
splashii
10:59 Feudal Age
12:13 Loom
19:04 Castle Age
18:11 Stone Mining
18:12 Double-Bit Axe
25:02 Horse Collar
28:10 Heavy Plow
29:56 Caravan
35:59 Imperial Age
34:49 Bloodlines
34:45 Gold Mining
35:13 Scale Barding Armor
35:19 Forging
36:10 Husbandry
36:43 Chain Barding Armor
37:51 Conscription
37:36 Marauders
37:00 Cavalier
38:25 Iron Casting
38:34 Elite Tarkan
43:17 Plate Barding Armor
43:47 Blast Furnace
49:44 Gold Shaft Mining
56:27 Spies/Treason
iKalakamalaka
11:03 Loom
13:51 Feudal Age
15:38 Wheelbarrow
16:00 Arson
16:23 Gold Mining
16:21 Double-Bit Axe
16:29 Horse Collar
19:39 Bloodlines
24:23 Castle Age
24:08 Fletching
25:32 Thumb Ring
27:15 Bow Saw
27:27 Heavy Plow
28:27 Ballistics
29:22 Hand Cart
29:43 Scale Barding Armor
31:43 Stone Mining
32:29 Gold Shaft Mining
32:41 Squires
32:02 Pikeman
32:55 Town Watch
33:45 Masonry
34:49 Caravan
35:13 Town Patrol
36:51 Steppe Husbandry
37:13 Bodkin Arrow
37:39 Chain Barding Armor
41:08 Forging
40:59 Scale Mail Armor
43:32 Imperial Age
44:35 Iron Casting
44:15 Chain Mail Armor
44:08 Murder Holes
45:24 Chemistry
44:53 Parthian Tactics
45:07 Conscription
44:08 Elite Kipchak
52:16 Hoardings
51:42 Cuman Mercenaries
51:12 Sappers
53:15 Crop Rotation
53:48 Two-Man Saw
56:09 Plate Barding Armor
55:37 Padded Archer Armor
Душан Силни
0:38 Loom
14:35 Feudal Age
16:17 Double-Bit Axe
16:16 Horse Collar
20:18 Gold Mining
20:18 Stone Mining
22:16 Forging
22:06 Scale Mail Armor
22:12 Scale Barding Armor
22:08 Padded Archer Armor
26:11 Castle Age
28:29 Bow Saw
28:24 Heavy Plow
29:55 Wheelbarrow
29:06 Town Watch
30:13 Caravan
30:44 Coinage
34:39 Imperial Age
32:25 Masonry
32:11 Murder Holes
33:18 Chain Barding Armor
33:39 Iron Casting
35:32 Husbandry
35:03 Cavalier
36:12 Conscription
38:26 Hand Cart
40:37 Plate Barding Armor
41:04 Blast Furnace
40:19 Chain Mail Armor
40:20 Leather Archer Armor
41:08 Chemistry
41:31 Town Patrol
44:22 Guilds
44:43 Banking
44:59 Paladin
45:51 Bloodlines
45:02 Light Cavalry
46:19 Sappers
46:50 Marauders
54:08 Two-Man Saw
54:37 Spies/Treason
jonymuros
0:35 Loom
13:14 Feudal Age
14:33 Wheelbarrow
13:47 Town Watch
13:51 Double-Bit Axe
13:54 Horse Collar
18:31 Gold Mining
24:56 Castle Age
26:36 Hand Cart
30:01 Town Patrol
30:49 Bow Saw
30:52 Stone Mining
34:10 Stone Shaft Mining
34:12 Fletching
34:54 Bodkin Arrow
35:58 Pikeman
36:44 Squires
36:31 Gambesons
40:28 Imperial Age
40:41 Capped Ram
41:42 Siege Ram
41:48 Halberdier
43:47 Bracer
43:48 Scale Mail Armor
43:59 Forging
44:51 Conscription
46:37 Man-at-Arms
47:25 Long Swordsman
48:45 Two-Handed Swordsman
49:31 Champion
53:50 Onager
54:03 Sappers
55:09 Hoardings
54:55 Chain Mail Armor
55:07 Heavy Plow
56:17 Iron Casting
56:13 Plate Mail Armor
58:32 Two-Man Saw
58:41 Chemistry
58:01 Ballistics
57:37 Murder Holes
57:53 Masonry
58:47 Blast Furnace
jacklaughlinstudios
2:40 Loom
13:36 Feudal Age
16:22 Wheelbarrow
15:33 Town Watch
15:44 Horse Collar
15:52 Double-Bit Axe
19:19 Castle Age
18:12 Stone Mining
18:13 Gold Mining
21:08 Hand Cart
25:12 Bow Saw
25:07 Heavy Plow
31:39 Stone Shaft Mining
31:50 Gold Shaft Mining
33:57 Caravan
35:46 Forging
35:36 Scale Mail Armor
38:16 Chain Mail Armor
38:37 Iron Casting
37:54 Fletching
44:45 Stronghold
47:31 Imperial Age
45:04 Town Patrol
46:06 Bodkin Arrow
48:35 Conscription
Taha Bey
13:21 Feudal Age
17:31 Double-Bit Axe
17:30 Horse Collar
23:02 Wheelbarrow
29:43 Castle Age
29:43 Bloodlines
29:50 Pikeman
30:31 Squires
30:16 Arson
29:57 Light Cavalry
31:20 Hand Cart
36:37 Steppe Husbandry
39:56 Imperial Age
38:45 Murder Holes
39:11 Ballistics
39:44 Heavy Plow
39:37 Gold Mining
40:00 Bow Saw
40:07 Stone Mining
42:45 Chemistry
41:42 Halberdier
45:11 Elite Steppe Lancer
46:06 Thumb Ring
45:24 Elite Skirmisher
47:05 Conscription
49:03 Two-Man Saw
49:34 Crop Rotation
House of Huns
『GTO』ヾ柠檬NINGMENG
13:32 Feudal Age
29:16 Castle Age
36:09 Imperial Age
36:19 Forging
37:50 Pikeman
38:31 Squires
38:17 Arson
40:47 Iron Casting
40:22 Scale Barding Armor
39:55 Halberdier
41:42 Conscription
48:01 Double-Bit Axe
48:53 Wheelbarrow
Connection lost

Rejoining the realm…

Still unreachable

The connection could not be restored.

Session expired

The server has moved on; the page needs a fresh start.